 Dungeon Crawl Stone Soup version 0.31-a0-229-g1fc7ce93e2 (webtiles) character file.

Game seed: 5412852638787432937

619171 reriks the Conqueror (level 27, -7/199 HPs)
             Began as a Gargoyle Fighter on July 6, 2023.
             Was an Elder of Qazlal.
             Mangled by a tentacled monstrosity (17 damage)
             ... on level 1 of the Realm of Zot.
             The game lasted 03:42:33 (102945 turns).

reriks the Conqueror (Gargoyle Fighter)           Turns: 102945, Time: 03:42:34

Health: -7/199     AC: 63    Str: 24    XL:     27
Magic:  29/36      EV: 13    Int: 22    God:    Qazlal [****..]
Gold:   7192       SH: 39    Dex: 20    Spells: 30/44 levels left

rFire   + + +        H - +4 morningstar of Wuol Rinai {pain, rElec Int+3 Dex+2}
rCold   + + +        s - +18 shield of the Gong {Loud rN+ Will+ rCorr EV-5}
rNeg    + + .        x - +9 scales of the Dragon King {rPois rF+ rC+ Will+}
rPois   ∞            c - +0 mask of the Dragon {Will+ Slay+3 SInv}
rElec   +            N - scarf {rC+ rF+}
rCorr   +            T - +1 pair of gloves of the Undertaker {rF+ Dex+3}
SInv    +            a - +3 pair of mountain boots {steadfast, rC+}
Will    +++++        b - amulet of Tunliuni {Faith Regen+} Stlth
                     j - +5 ring of evasion
HPRegen 1.33/turn    E - ring of Ison {rF+ EV+5 Int+6}
MPRegen 0.25/turn

%: repel missiles, faith
@: about to teleport, protected from physical damage, flying, constricted,
studying 2 skills, unable to drink
A: sickness immunity, AC +20, big wings, negative energy resistance 1,
electricity resistance, torment resistance 1, petrification resistance, antennae
1, passive freeze, evolution 1, inability to drink after injury 1
}: 4/15 runes: barnacled, slimy, silver, gossamer
a: Renounce Religion, Upheaval, Elemental Force


You were on level 1 of the Realm of Zot.
You worshipped Qazlal.
Qazlal was greatly pleased with you.
You visited 16 branches of the dungeon, and saw 59 of its levels.
You visited 1 bazaar.
You also visited: Trove and Sewer.

You collected 10448 gold pieces.
You spent 3256 gold pieces at shops.

Inventory:

Hand Weapons
 y - the +6 shillelagh "Devastator" {shatter}
   (You found it on level 2 of the Dungeon)
 H - the +4 morningstar of Wuol Rinai (weapon) {pain, rElec Int+3 Dex+2}
   (You bought it in a shop on level 8 of the Dungeon)

   Int:       It affects your intelligence (+3).
   Dex:       It affects your dexterity (+2).
   rElec:     It insulates you from electricity.
Missiles
 i - 3 silver javelins
 D - 13 javelins (quivered)
Armour
 a - the +3 pair of mountain boots (worn) {steadfast, rC+}
   (You found it on level 5 of the Lair of Beasts)

   Steadfast: It prevents involuntary movement, except for blinking,
   teleportation, or banishment.
   rC:        It protects you from cold.
 c - the +0 mask of the Dragon (worn) {Will+ Slay+3 SInv}
   (You found it on level 2 of the Depths)

   Slay:      It affects your accuracy & damage with ranged weapons and melee
   (+3).
   SInv:      It lets you see invisible.
   Will:      It increases your willpower.
 f - +3 gold dragon scales
 s - the +18 shield of the Gong (worn) {Loud rN+ Will+ rCorr EV-5}
   (You found it on level 2 of the Dungeon)

   Loud:      It is deafeningly noisy when blocking attacks.
   EV:        It affects your evasion (-5).
   rN:        It protects you from negative energy.
   rCorr:     It protects you from acid and corrosion.
   Will:      It increases your willpower.
 x - the +9 scales of the Dragon King (worn) {rPois rF+ rC+ Will+}
   (You found it on level 5 of the Vaults)

   rF:        It protects you from fire.
   rC:        It protects you from cold.
   rPois:     It protects you from poison.
   Will:      It increases your willpower.
 N - a scarf of resistance (worn)
 T - the +1 pair of gloves of the Undertaker (worn) {rF+ Dex+3}
   (You found it on level 1 of the Shoals)

   Dex:       It affects your dexterity (+3).
   rF:        It protects you from fire.
Jewellery
 b - the amulet of Tunliuni (around neck) {Faith Regen+}
   (You found it in a treasure trove)

   [amulet of faith]

   It allows you to gain divine favour quickly.
   Regen:     It increases your rate of health regeneration.
 g - the ring of the Cuttlefish {Fire rN+ Will++ rCorr Int-4}
   (You found it on level 6 of the Dungeon)

   [ring of fire]

   It enhances your fire magic.
   Int:       It affects your intelligence (-4).
   rF:        It protects you from fire.
   rC:        It makes you vulnerable to cold.
   rN:        It protects you from negative energy.
   rCorr:     It protects you from acid and corrosion.
   Will:      It greatly increases your willpower.
 j - a +5 ring of evasion (left hand)
 q - a ring of resist corrosion
 z - a +4 ring of slaying
 E - the ring of Ison (right hand) {rF+ EV+5 Int+6}
   (You found it on level 5 of the Vaults)

   [ring of evasion]

   EV:        It affects your evasion (+5).
   Int:       It affects your intelligence (+6).
   rF:        It protects you from fire.
 F - the ring of Johoanakh {rF+ rCorr Int+2}
   (You found it in a treasure trove)

   [ring of protection from fire]

   Int:       It affects your intelligence (+2).
   rF:        It protects you from fire.
   rCorr:     It protects you from acid and corrosion.
 G - the amulet "Juajimal" {Faith rN+}
   (You found it in a treasure trove)

   [amulet of faith]

   It allows you to gain divine favour quickly.
   rN:        It protects you from negative energy.
 J - an amulet of reflection
 P - the amulet of Runypt {Faith +Blink Regen+ rCorr Dex-5}
   (You found it in a treasure trove)

   [amulet of faith]

   It allows you to gain divine favour quickly.
   Dex:       It affects your dexterity (-5).
   +Blink:    It lets you blink.
   Regen:     It increases your rate of health regeneration.
   rCorr:     It protects you from acid and corrosion.
 S - the amulet "Dahigar" {Faith Fragile rF+ rC+ rN+++}
   (You acquired it on level 1 of the Tomb of the Ancients)

   [amulet of faith]

   It allows you to gain divine favour quickly.
   rF:        It protects you from fire.
   rC:        It protects you from cold.
   rN:        It renders you almost immune to negative energy.
   Fragile:   It will be destroyed if unequipped.
 W - the ring "Ret Osun" {rC+ Dex+2}
   (You found it in a treasure trove)

   [ring of protection from cold]

   Dex:       It affects your dexterity (+2).
   rC:        It protects you from cold.
 Y - the necklace of Bloodlust {Fury *Rage Will++ Int-3 Slay+6}
   (You found it in a treasure trove)

   [amulet of nothing]

   Fury:      It extends the wearer's berserk rage when killing foes.
   Int:       It affects your intelligence (-3).
   Slay:      It affects your accuracy & damage with ranged weapons and melee
   (+6).
   *Rage:     It berserks you when you make melee attacks (+50% chance).
   Will:      It greatly increases your willpower.
Wands
 A - a wand of paralysis (33)
 M - a wand of iceblast (32)
 O - a wand of digging (14)
Scrolls
 e - 6 scrolls of poison
 k - a scroll of enchant armour
 l - 22 scrolls of teleportation
 B - 7 scrolls of enchant weapon
 C - 9 scrolls of fear
 I - 3 scrolls of revelation
 Q - 26 scrolls of identify
 R - 8 scrolls of amnesia
 V - 14 scrolls of fog
 X - 3 scrolls of silence
 Z - 7 scrolls of blinking
Potions
 d - 8 potions of attraction
 h - 9 potions of ambrosia
 m - 11 potions of cancellation
 n - 9 potions of mutation
 o - 7 potions of haste
 p - 3 potions of resistance
 r - 7 potions of enlightenment
 t - 18 potions of curing
 u - a potion of berserk rage
 v - 4 potions of heal wounds
 w - 4 potions of invisibility
 K - 2 potions of brilliance
 L - 2 potions of might
 U - 2 potions of magic


   Skills:
 O Level 27 Fighting
 + Level 21.9 Maces & Flails
 + Level 17.1 Throwing
 - Level 19.2 Armour
 - Level 12.0 Dodging
 - Level 19.1 Shields
 + Level 9.4 Spellcasting
 + Level 11.0 Conjurations
 + Level 10.1 Fire Magic
 - Level 19.2 Invocations


You had 30 spell levels left.
You knew the following spells:

 Your Spells              Type           Power      Damage    Failure   Level
a - Fireball              Conj/Fire      27%        3d12      47%         5
b - Fire Storm            Conj/Fire      27%        8d7       100%        9

Your spell library contained the following spells:

 Spells                   Type           Power      Damage    Failure   Level
 Foxfire                  Conj/Fire      100%       2x1d9     1%          1
 Scorch                   Fire           100%       2d9       3%          2
 Kiss of Death            Conj/Necr      100%       2d13      16%         1
 Shock                    Conj/Air       100%       1d9       16%         1
 Flame Wave               Conj/Fire      54%        2d13      19%         4
 Sticky Flame             Conj/Fire      54%        2d7       19%         4
 Static Discharge         Conj/Air       68%        2-5/arc   24%         2
 Iskenderun's Battlesphe  Conj           56%        2d11      41%         5
 Dazzling Flash           Conj/Hex       68%        N/A       43%         3
 Hailstorm                Conj/Ice       34%        3d9       43%         3
 Stone Arrow              Conj/Erth      68%        3d11      43%         3
 Inner Flame              Hex/Fire       32%        N/A       50%         3
 Volatile Blastmotes      Fire/Tloc      64%        2d15      50%         3
 Mephitic Cloud           Conj/Pois/Air  26%        N/A       69%         3
 Ignite Poison            Fire/Tmut/Pois 25%        N/A       73%         3
 Apportation              Tloc           20%        N/A       83%         1
 Freeze                   Ice            40%        1d6       83%         1
 Necrotise                Necr           40%        1d6       83%         1
 Sandblast                Erth           20%        2d7       83%         1
 Slow                     Hex            40%        N/A       83%         1
 Sting                    Tmut/Pois      40%        1d5       83%         1
 Summon Small Mammal      Summ           40%        N/A       83%         1
 Fulminant Prism          Conj/Hex       17%        3d10      83%         4
 Iskenderun's Mystic Bla  Conj/Tloc      34%        2d8       83%         4
 Blink                    Tloc           20%        N/A       92%         2
 Call Imp                 Summ           20%        N/A       92%         2
 Ensorcelled Hibernation  Hex/Ice        20%        N/A       92%         2
 Passwall                 Tmut/Erth      8%         N/A       92%         2
 Poisonous Vapours        Pois/Air       20%        N/A       92%         2
 Starburst                Conj/Fire      27%        6d9       96%         6
 Call Canine Familiar     Summ           10%        N/A       99%         3
 Confusing Touch          Hex            10%        N/A       99%         3
 Frozen Ramparts          Ice            20%        1d4       99%         3
 Portal Projectile        Hex/Tloc       20%        N/A       99%         3
 Summon Guardian Golem    Hex/Summ       10%        N/A       99%         3
 Swiftness                Air            10%        N/A       99%         3
 Tukima's Dance           Hex            10%        N/A       99%         3
 Vampiric Draining        Necr           10%        2d6       99%         3
 Irradiate                Conj/Tmut      17%        3d17      99%         5
 Airstrike                Air            5%         2d(1-17)  100%        4
 Animate Armour           Summ/Erth      20%        N/A       100%        4
 Animate Dead             Necr           10%        N/A       100%        4
 Dispel Undead            Necr           10%        3d9       100%        4
 Ice Form                 Ice/Tmut       10%        N/A       100%        4
 Leda's Liquefaction      Hex/Erth       5%         N/A       100%        4
 Manifold Assault         Tloc           10%        N/A       100%        4
 Olgreb's Toxic Radiance  Pois           10%        N/A       100%        4
 Passage of Golubria      Tloc           10%        N/A       100%        4
 Petrify                  Tmut/Erth      10%        N/A       100%        4
 Summon Ice Beast         Ice/Summ       10%        N/A       100%        4
 Summon Lightning Spire   Summ/Air       10%        N/A       100%        4
 Agony                    Necr           10%        N/A       100%        5
 Alistair's Intoxication  Tmut/Pois      6%         N/A       100%        5
 Blade Hands              Tmut           5%         N/A       100%        5
 Borgnjor's Vile Clutch   Necr/Erth      5%         N/A       100%        5
 Freezing Cloud           Conj/Ice/Air   13%        6-21      100%        5
 Lee's Rapid Deconstruct  Erth           5%         3d6*      100%        5
 Metabolic Englaciation   Hex/Ice        5%         N/A       100%        5
 Silence                  Hex/Air        5%         N/A       100%        5
 Summon Forest            Summ/Tloc      5%         N/A       100%        5
 Summon Mana Viper        Hex/Summ       10%        N/A       100%        5
 Yara's Violent Unravell  Hex/Tmut       5%         3d4       100%        5
 Conjure Ball Lightning   Conj/Air       17%        3x3d6     100%        6
 Dispersal                Tloc           5%         N/A       100%        6
 Eringya's Noxious Bog    Tmut/Pois      5%         4d6       100%        6
 Plasma Beam              Fire/Air       16%        2x1d27    100%        6
 Simulacrum               Ice/Necr       5%         N/A       100%        6
 Summon Cactus Giant      Summ           5%         N/A       100%        6
 Enfeeble                 Hex            5%         N/A       100%        7
 Haunt                    Necr/Summ      5%         N/A       100%        7
 Malign Gateway           Summ/Tloc      5%         N/A       100%        7
 Monstrous Menagerie      Summ           5%         N/A       100%        7
 Orb of Destruction       Conj           28%        9d9       100%        7
 Ozocubu's Refrigeration  Ice            5%         4d8       100%        7
 Spellforged Servitor     Conj/Summ      17%        N/A       100%        7
 Storm Form               Tmut/Air       5%         N/A       100%        7
 Summon Hydra             Summ           5%         N/A       100%        7
 Borgnjor's Revivificati  Necr           5%         N/A       100%        8
 Disjunction              Tloc           5%         N/A       100%        8
 Infestation              Necr           5%         N/A       100%        8
 Lehudib's Crystal Spear  Conj/Erth      17%        10d5      100%        8
 Necromutation            Tmut/Necr      5%         N/A       100%        8
 Chain Lightning          Conj/Air       17%        3d22      100%        9
 Death's Door             Necr           5%         N/A       100%        9
 Polar Vortex             Ice            5%         N/A       100%        9
 Shatter                  Erth           5%         3d8*      100%        9
 Cigotuvi's Dreadful Rot  Necr/Pois/Air  Unusable   N/A       N/A         2
 Sublimation of Blood     Necr           Unusable   N/A       N/A         2
 Statue Form              Tmut/Erth      Unusable   N/A       N/A         6

Dungeon Overview and Level Annotations

Branches:
Dungeon (15/15)            Temple (1/1) D:5            Lair (5/5) D:8
 Shoals (4/4) Lair:3       Spider (4/4) Lair:2        Slime (5/5) Lair:5
    Orc (2/2) D:11            Elf (3/3) Orc:2        Vaults (5/5) D:14
  Crypt (3/3) Vaults:3       Tomb (1/3) Crypt:3      Depths (4/4) D:15
   Hell (visited)             Dis (0/7) Hell            Geh (3/7) Hell
    Coc (1/7) Hell            Tar (0/7) Hell            Zot (2/5) Depths:4
  Sewer (visited)

Altars:
Ashenzari
Cheibriados
Dithmenos
Elyvilon
Fedhas
Gozag
Hepliaklqana
Kikubaaqudgha
Makhleb
Nemelex Xobeh
Okawaru
Qazlal
Ru
Sif Muna
Trog
Uskayaw
Vehumet
Wu Jian
Xom
Yredelemnul
Zin
The Shining One
Jiyva

Shops:
D:1 (   D:6 *   D:8 *   D:11 (   D:14 (   Orc:1 :   Orc:2 (*?![   Elf:1 [*?([
Elf:2 (   Vaults:1 [   Vaults:3 [

Portals:
Hell: Depths:1 Depths:2 Depths:3 Depths:4
Abyss: Depths:3
Pandemonium: Depths:1 Depths:2 Depths:3
Ziggurat: Depths:3

Annotations:
D:10 exclusion: ice statue
Lair:4 exclusion: oklob plant
Spider:1 2 transporters, puppykicker's ghost, journeyman SpGl
Elf:3 1 exclusion
Depths:2 1 runed translucent door, Polaczum's ghost, adept TrMo
Depths:4 6 runed translucent doors
Zot:1 Tiamat


Innate Abilities, Weirdness & Mutations

You are immune to sickness and miasma.
Your stone body is resilient. (AC +20)
You are immune to poison.
Your large and strong wings let you fly.
You resist negative energy. (rN+)
You are resistant to electric shocks. (rElec)
You are resistant to unholy torment.
You are immune to petrification.
You have a pair of small antennae on your head.
A frigid envelope surrounds you and freezes all who hurt you.
You have hidden genetic potential.
You occasionally lose the ability to drink potions when taking damage.


Message History

The shadow dragon completely resists.
The red draconian is engulfed in a thunderstorm.
The purple draconian shifter casts a spell.
The purple draconian shifter blinks!
The golden dragon bites you!!!
You feel threatened and lose the ability to drink potions!
* * * LOW HITPOINT WARNING * * *
The golden dragon claws you but does no damage.
The golden dragon resists.
The golden dragon is very cold.
The golden dragon is moderately wounded.
The golden dragon tramples you!!
* * * LOW HITPOINT WARNING * * *
You are held in place!
The black draconian breathes lightning at you.
The bolt of lightning hits the black draconian.
The black draconian completely resists.
The bolt of lightning misses you.
The bolt of lightning hits the storm dragon.
The storm dragon completely resists.
You hear a roar! x2
You cannot drink potions in your current state!
Unknown command.
You barely miss the storm dragon.
The storm dragon is heavily wounded.
You block the storm dragon's attack.
PANG!
You block the storm dragon's attack.
GONNNNG!
You block the storm dragon's attack.
PTOANNNG!
You block the quicksilver dragon's attack.
GONNNNG!
The quicksilver dragon completely misses you.
The death cob is engulfed in freezing vapours.
The death cob hits you but does no damage.
The death cob resists.
The death cob is very cold.
The death cob is moderately damaged.
The tentacled monstrosity tentacle-slaps you but does no damage.
The tentacled monstrosity resists.
The tentacled monstrosity is very cold.
The tentacled monstrosity is heavily wounded.
The tentacled monstrosity tentacle-slaps you!
You die...

##.#d.d#..######..X...
#.....#.######........
####...########...d......
###...####.##y..DXd..>.D.
##...####..#X...XdD......
##.$#####.Xqd....yDdd...#
#..#..##y§d#####.ddXd.#.#
##.#....zDd§###).#.9d..##.
#..^q..dX@Dd##.####.y..#*#
*#..##...DD☼^.######....#*,
#..##.....§.....?D........,
#.?##...≈≈(...≈###d,,.....,
#..#.[.##≈#.^≈(##,,*,,....,
#,###.##...≈q.##.,,,,*####*
**,##.###...#.###.,,,,* ****
*,,##.####.##...#?**,,***,,,
*,*##.####.###....**,,**,,,,


You could see a shadow dragon (berserk), 3 tentacled monstrosities, a golden
dragon (berserk), a storm dragon (berserk), 2 draconians, a red draconian
(berserk), 2 draconians, 2 draconians, a death cob, 2 quicksilver dragons, a red
draconian scorcher and 2 moths of wrath.

Vanquished Creatures
  the Royal Jelly (Slime:5)
  Khufu (Tomb:1)
  Mennas (Vaults:4)
  4 ancient liches
  A juggernaut (Depths:2)
  3 royal mummies (Tomb:1)
  Vv (Depths:4)
  Bai Suzhen (Vaults:3)
  The ghost of Olanal the Impregnable, a veteran AtFi of Gozag (Depths:2)
  The ghost of Olanal the Impregnable, a veteran AtFi of Gozag (Depths:2)
  Xtahua (Depths:4)
  Geryon (Hell)
  4 caustic shrikes (Depths:2)
  A bone dragon (Crypt:3)
  4 golden dragons
  Nikola (Vaults:3)
  the Enchantress (Depths:3)
  Arachne (Spider:1)
  An electric golem (Zot:1)
  11 tentacled monstrosities
  A shard shrike skeleton (Crypt:3)
  The ghost of gelatine the Warrior, an adept MiFi of Jiyva (Shoals:3)
  Asterion (Spider:2)
  A walking crystal tome (Depths:2)
  3 deep elf blademasters (Elf:2)
  5 titans
  2 deep elf master archers (Elf:3)
  7 liches
  22 acid blobs
  A walking frostbound tome (Depths:1)
  3 quicksilver dragons
  3 krakens (Shoals:3)
  8 ancient champions
  Kirke (Spider:2)
  13 sphinxes
  A death cob (Zot:1)
  8 tengu reavers
  6 shadow dragons
  22 rockslimes
  7 storm dragons
  5 revenants
  10 frost giants
  14 azure jellies
  Aizul (Spider:2)
  4 emperor scorpions
  3 ghost moths
  5 deep elf sorcerers
  9 balrugs
  18 fire giants
  18 vault wardens
  3 iron dragons
  2 curse skulls
  An orc warlord (Vaults:3)
  5 draconian shifters
  A cacodemon (Hell)
  4 ghouls
  A draconian annihilator (Depths:4)
  4 spriggan defenders
  6 deep elf elementalists
  16 stone giants
  5 war gargoyles
  24 ironbound preservers
  6 formless jellyfish
  7 reapers
  7 quicksilver oozes
  A juggernaut skeleton (Crypt:3)
  23 very ugly things
  2 green draconians (Depths:4)
  7 ironbound thunderhulks
  6 deep elf demonologists
  6 vampire knights
  6 deep elf annihilators (Elf:3)
  4 purple draconians (Depths:4)
  5 black draconians (Depths:4)
  6 white draconians
  3 red draconians (Depths:4)
  13 spark wasps
  2 yellow draconians
  9 dire elephants
  13 ettins
  Josephine (Orc:1)
  2 green deaths
  6 mummy priests (Tomb:1)
  9 merfolk javelineers
  3 blizzard demons (Hell)
  4 eidola
  9 deep elf death magi
  11 entropy weavers
  20 yaktaur captains
  A rakshasa (Depths:3)
  A quicksilver dragon zombie (Crypt:3)
  2 jiangshi (Crypt:1)
  A quicksilver dragon skeleton (Crypt:1)
  13 merfolk impalers
  3 deep elf high priests
  2 salamander tyrants
  8 great orbs of eyes
  5 fire dragons
  2 spriggan air magi (Depths:3)
  34 vault guards
  2 hell beasts (Depths:4)
  4 hydras
  7 ice dragons
  6 merfolk avatars
  A peacekeeper (Vaults:2)
  2 jorogumos
  9 merfolk aquamancers
  10 ironbound frosthearts
  4 ogre magi
  3 radroaches
  7 centaur warriors
  4 catoblepae
  3 alligator snapping turtles
  29 dancing weapons
  4 death yaks (Lair:5)
  10 two-headed ogres
  6 deep troll shamans
  7 boulder beetles
  3 death knights (Crypt:1)
  4 vampire magi
  11 death scarabs (Tomb:1)
  9 deep troll earth magi
  9 tengu warriors
  37 hell hogs
  5 soul eaters
  6 spriggan berserkers
  10 demonic crawlers
  4 sun demons
  11 hell knights
  8 orc high priests
  18 deep elf knights
  Urug (Lair:1)
  A sun moth (Spider:2)
  A titan skeleton (Crypt:3)
  3 sixfirhies (Hell)
  35 skeletal warriors
  3 anaconda zombies
  6 skysharks
  Amaemon (D:11)
  5 pharaoh ants
  3 iron trolls
  A quicksilver dragon simulacrum (Depths:4)
  3 shadow wraiths
  An orb spider (shapeshifter) (D:14)
  63 deep trolls
  4 glowing orange brains
  12 orb spiders
  A bog body (Crypt:1)
  4 flayed ghosts
  6 wizards
  2 steelbarb worms (Spider:2)
  111 slime creatures
  12 sea snakes
  Pikel (D:8)
  13 deep elf archers
  2 bunyip skeletons (Crypt:3)
  14 phantasmal warriors
  13 harpies
  5 orc knights
  20 lindwurms
  An anaconda skeleton (Hell)
  26 deep elf pyromancers
  22 deep elf zephyrmancers
  17 ironbound convokers
  5 necromancers
  An orc sorcerer (Vaults:5)
  A fire giant zombie (Vaults:3)
  12 fauns
  2 salamanders (Depths:1)
  3 shining eyes
  15 wolf spiders
  34 ugly things
  8 cyclopes
  20 manticores
  A sphinx skeleton (Crypt:1)
  10 moths of wrath
  Joseph (D:8)
  7 merfolk sirens
  A frost giant skeleton (Crypt:1)
  A fire giant skeleton (Crypt:2)
  14 water nymphs
  11 elephants
  A storm dragon simulacrum (Crypt:2)
  5 black mambas
  3 rust devils
  14 vault sentinels
  An alligator snapping turtle zombie (Crypt:2)
  10 torpor snails
  An orange demon (D:11)
  2 human skeletons
  3 centaur skeletons
  3 eyes of devastation
  A cane toad (shapeshifter) (Vaults:4)
  2 ice statues (Hell)
  2 hellions
  6 rime drakes
  An eye of devastation (shapeshifter) (Vaults:5)
  Maggie (D:6)
  6 smoke demons
  6 molten gargoyles (Hell)
  10 cane toads
  6 gargoyles
  A black draconian zombie (Crypt:2)
  An efreet (D:13)
  An unseen horror (D:12)
  An ice devil (Depths:1)
  9 freezing wraiths
  A kobold demonologist (D:10)
  A sea snake zombie (Hell)
  2 tengu conjurers
  A naga skeleton (Crypt:3)
  8 komodo dragons
  18 yaktaurs
  5 red devils
  13 guardian mummies
  A harpy zombie (Crypt:2)
  22 merfolk
  2 tormentors
  7 wind drakes
  A merfolk (shapeshifter) (Elf:1)
  A hydra zombie (Hell)
  A sea snake skeleton (Crypt:1)
  A mana viper zombie (Crypt:2)
  A hornet (shapeshifter) (Depths:3)
  Prince Ribbit (D:5)
  5 trolls
  4 hornets (Spider:4)
  6 dream sheep (Shoals:1)
  A hydra skeleton (Hell)
  3 meliai
  5 blink frogs
  29 tarantellas
  A harpy skeleton (Crypt:2)
  14 snapping turtles
  An ettin zombie (Crypt:2)
  A dream sheep (shapeshifter) (Depths:4)
  20 culicivoras
  A culicivora (shapeshifter) (Vaults:3)
  11 flying skulls
  A shadow (D:10)
  An ettin skeleton (Tomb:1)
  3 wyverns
  4 spriggans (Depths:4)
  A ynoxinul (Depths:2)
  6 air elementals
  38 jumping spiders
  19 wraiths
  23 water elementals
  4 golden eyes (Slime:5)
  2 hogs (Spider:2)
  62 yaks
  2 humans
  An ushabti (Tomb:1)
  5 basilisks
  6 fire elementals
  A neqoxec (Depths:2)
  67 redbacks
  A steam dragon (D:9)
  Menkaure (D:4)
  A naga (shapeshifter) (Depths:2)
  3 chaos spawn
  6 wargs
  2 swamp worms (Lair:2)
  A hydra simulacrum (Hell)
  13 water moccasins
  A floating eye (shapeshifter) (Vaults:5)
  17 orc warriors
  An ice beast (D:6)
  A swamp dragon zombie (Crypt:1)
  2 black bears (D:6)
  9 ogres
  A boggart (shapeshifter) (Vaults:3)
  6 centaurs
  A swamp dragon skeleton (Crypt:1)
  A kobold brigand (D:9)
  2 lemures (D:8)
  A phantom (D:5)
  A yaktaur zombie (Crypt:2)
  2 necrophages
  2 scorpions
  A bullfrog (shapeshifter) (D:14)
  15 bullfrogs
  2 earth elementals
  A human simulacrum (Vaults:3)
  14 wights
  A queen bee zombie (Crypt:2)
  7 killer bees
  A shapeshifter skeleton (Crypt:1)
  8 howler monkeys
  11 electric eels
  3 lava snakes (Lair:3)
  32 orc priests
  13 jellies
  A quasit (D:7)
  2 human zombies
  A jelly (shapeshifter) (D:13)
  5 hounds
  A scorpion zombie (Crypt:2)
  5 iguanas
  27 orc wizards
  12 hell rats (Hell)
  25 mummies
  9 adders
  2 shadow imps
  7 white imps
  3 ufetubi (D:7)
  An adder skeleton (D:4)
  3 worms
  3 dart slugs
  90 orcs
  6 bats
  A bat zombie (Crypt:1)
  10 endoplasms
  11 giant cockroaches
  5 goblins
  11 hobgoblins
  8 quokkas
  15 ball pythons
  7 frilled lizards
  13 kobolds
  5 rats
  A creeping inferno (Geh:2)
  4 fire vortices
  3 tentacles (Shoals:3)
2406 creatures vanquished.

Vanquished Creatures (collateral kills)
  An elephant (Lair:5)
1 creature vanquished.

Vanquished Creatures (others)
  Frederick (Vaults:4)
  2 fire giants
  A vampire knight (Vaults:3)
  A stoker (Geh:3)
  A deep elf pyromancer (Elf:1)
  A deep elf zephyrmancer (Elf:1)
  2 manticores
  A merfolk (Shoals:4)
  A jumping spider (Spider:1)
  2 water elementals
  A shadow (Crypt:3)
  A wraith (Crypt:3)
  2 hell rats (Hell)
  An orc wizard (D:5)
  A quokka (D:8)
  2 fire vortices (Geh:2)
  12 tentacles (Shoals:3)
33 creatures vanquished.

Grand Total: 2440 creatures vanquished

Notes
Turn   | Place    | Note
-------+----------+-------------------------------------------
     0 | D:1      | reriks the Gargoyle Fighter began the quest for the Orb.
     0 | D:1      | Reached XP level 1. HP: 14/14 MP: 1/1
   318 | D:1      | Reached XP level 2. HP: 19/19 MP: 2/2
   422 | D:1      | Found Yhetry's Antique Weapon Emporium.
   908 | D:2      | Reached XP level 3. HP: 24/24 MP: 3/3
   936 | D:2      | Found a blossoming altar of Fedhas.
  1056 | D:2      | Found the +6 shillelagh "Devastator" {shatter}
  1157 | D:2      | Found the +18 shield of the Gong {Loud rN+ Will+ rCorr
                  | EV-5}
  1565 | D:2      | Reached XP level 4. HP: 29/29 MP: 4/4
  1739 | D:3      | Reached skill level 4 in Fighting
  1745 | D:3      | Identified the +0 robe "Zantogom" {Regen+ rCorr Str+3
                  | Dex-2}
  1796 | D:3      | Reached XP level 5. HP: 13/33 MP: 5/5
  2151 | D:3      | Found a glowing drain.
  2178 | Sewer    | Entered a sewer
  3344 | Sewer    | Reached XP level 6. HP: 32/39 MP: 6/6
  3803 | Sewer    | Found a viscous altar of Jiyva.
  5090 | D:4      | Noticed Menkaure
  5090 | D:4      | Found a transporter.
  5096 | D:4      | Found a transporter.
  5563 | D:4      | Found a basalt altar of Yredelemnul.
  5567 | D:4      | Found an ancient bone altar of Kikubaaqudgha.
  5893 | D:5      | Entered Level 5 of the Dungeon
  6121 | D:5      | Reached skill level 5 in Shields
  6124 | D:5      | Reached skill level 5 in Fighting
  6124 | D:5      | Reached skill level 5 in Armour
  6125 | D:5      | Noticed a water moccasin
  6155 | D:4      | Killed a water moccasin
  6156 | D:4      | Reached XP level 7. HP: 28/44 MP: 7/7
  6752 | D:5      | Found a staircase to the Ecumenical Temple.
  6757 | Temple   | Entered the Ecumenical Temple
  7893 | D:5      | Reached XP level 8. HP: 28/51 MP: 8/8
  7906 | D:5      | Reached skill level 6 in Fighting
  8431 | D:6      | Noticed Prince Ribbit
  8437 | D:6      | Noticed Maggie
  8450 | D:5      | Killed Prince Ribbit
  8451 | D:5      | Reached skill level 1 in Dodging
  8635 | D:6      | Found Umesaynu's Assorted Antiques.
  8834 | D:6      | Identified the ring of the Cuttlefish {Fire rN+ Will++
                  | rCorr Int-4}
  8848 | D:6      | Reached skill level 5 in Maces & Flails
  8865 | D:6      | Found a glowing golden altar of the Shining One.
  8867 | D:6      | Found a stormy altar of Qazlal.
  8880 | D:6      | Became a worshipper of Qazlal Stormbringer
  8973 | D:6      | Killed Maggie
  8974 | D:6      | Reached skill level 7 in Fighting
  8974 | D:6      | Reached XP level 9. HP: 41/57 MP: 9/9
  9211 | D:6      | Found an ornate altar of the Wu Jian Council.
  9660 | D:7      | Reached skill level 8 in Fighting
  9727 | D:7      | Reached * piety under Qazlal
 10179 | D:4      | Killed Menkaure
 10499 | D:7      | Found a sparkling altar of Nemelex Xobeh.
 11153 | D:8      | Noticed a komodo dragon
 11161 | D:8      | Killed a komodo dragon
 11402 | D:8      | Reached skill level 9 in Fighting
 11410 | D:8      | Reached XP level 10. HP: 66/66 MP: 10/10
 11420 | D:8      | Noticed Joseph
 11436 | D:8      | Killed Joseph
 11478 | D:8      | Found a white marble altar of Elyvilon.
 11543 | D:8      | Found a transporter.
 11827 | D:8      | Noticed Pikel
 11838 | D:8      | Killed Pikel
 11887 | D:8      | Found a staircase to the Lair.
 11969 | D:8      | Found Baluaj's Assorted Antiques.
 11977 | D:8      | Bought a twitching wooden ring for 120 gold pieces
 11977 | D:8      | Identified the ring "Iqal Oluclorph" {Fly rElec Dex-2 SInv}
                  | (You bought it in a shop on level 8 of the Dungeon)
 11977 | D:8      | Bought a scroll of teleportation for 72 gold pieces
 11977 | D:8      | Bought a twisted morningstar for 216 gold pieces
 11977 | D:8      | Identified the +4 morningstar of Wuol Rinai {pain, rElec
                  | Int+3 Dex+2} (You bought it in a shop on level 8 of the
                  | Dungeon)
 11977 | D:8      | Bought a scroll labelled NENWUE WIADDOA for 24 gold pieces
 12134 | D:9      | Reached ** piety under Qazlal
 12141 | D:9      | Reached skill level 5 in Dodging
 12143 | D:9      | Reached skill level 10 in Fighting
 12759 | D:9      | Found a broken altar of Ashenzari.
 12931 | D:10     | Entered Level 10 of the Dungeon
 13200 | D:10     | Noticed a kobold demonologist
 13205 | D:10     | Killed a kobold demonologist
 13339 | D:10     | Noticed a gargoyle
 13347 | D:10     | Killed a gargoyle
 13452 | D:10     | Reached XP level 11. HP: 73/73 MP: 11/11
 13559 | D:10     | Noticed a two-headed ogre
 13564 | D:10     | Killed a two-headed ogre
 14520 | D:11     | Reached *** piety under Qazlal
 14807 | D:11     | Reached skill level 10 in Dodging
 14831 | D:11     | Noticed a manticore
 14831 | D:11     | Noticed a boulder beetle
 14841 | D:11     | Killed a manticore
 14850 | D:11     | Killed a boulder beetle
 14910 | D:11     | Found a staircase to the Orcish Mines.
 14933 | D:11     | Found Jixel's Weapon Shop.
 14985 | D:11     | Noticed Amaemon
 14991 | D:11     | Killed Amaemon
 15249 | Orc:1    | Entered Level 1 of the Orcish Mines
 15249 | Orc:1    | Noticed Josephine
 15261 | Orc:1    | Killed Josephine
 15262 | Orc:1    | Reached skill level 1 in Invocations
 15381 | Orc:1    | Found Tuhyuzusk's Book Emporium.
 15496 | Orc:2    | Entered Level 2 of the Orcish Mines
 15496 | Orc:2    | Noticed an orc high priest
 15502 | Orc:2    | Reached XP level 12. HP: 79/79 MP: 13/13
 15507 | Orc:2    | Killed an orc high priest
 15508 | Orc:2    | Reached skill level 11 in Fighting
 15508 | Orc:2    | Reached **** piety under Qazlal
 15724 | Orc:2    | Noticed an orc high priest
 15732 | Orc:1    | Killed an orc high priest
 15867 | Orc:2    | Noticed an orc high priest
 16092 | Orc:1    | Killed an orc high priest
 16249 | Orc:2    | Noticed an orc high priest
 16250 | Orc:2    | Reached ***** piety under Qazlal
 16253 | Orc:2    | Noticed an orc high priest
 16254 | Orc:2    | Killed an orc high priest
 16254 | Orc:2    | Noticed an orc high priest
 16259 | Orc:2    | Noticed an orc high priest
 16262 | Orc:1    | Killed an orc high priest
 16318 | Orc:2    | Killed an orc high priest
 16517 | Orc:2    | Noticed a soul eater
 16524 | Orc:2    | Killed an orc high priest
 16525 | Orc:2    | Reached skill level 12 in Fighting
 16525 | Orc:2    | Noticed an orc high priest
 16533 | Orc:2    | Killed an orc high priest
 17025 | Orc:2    | Found Rowk's General Store.
 17025 | Orc:2    | Found Cosisime's Weapon Emporium.
 17031 | Orc:2    | Bought a scroll of teleportation for 48 gold pieces
 17031 | Orc:2    | Bought a scroll of revelation for 120 gold pieces
 17242 | Orc:2    | Found a staircase to the Elven Halls.
 17289 | Orc:2    | Found Pael Qiw's Antique Armour Shop.
 17289 | Orc:2    | Found Seithrat's Distillery.
 17534 | Orc:2    | Found Pytsim's Magic Scroll Shop.
 17537 | Orc:2    | Bought a scroll of identify for 32 gold pieces
 17537 | Orc:2    | Bought a scroll of identify for 32 gold pieces
 17537 | Orc:2    | Bought a scroll of teleportation for 48 gold pieces
 18087 | Lair:1   | Entered Level 1 of the Lair of Beasts
 18124 | Lair:1   | Noticed Urug
 18142 | Lair:1   | Killed Urug
 18143 | Lair:1   | Reached XP level 13. HP: 79/87 MP: 16/16
 18179 | Lair:1   | Reached skill level 5 in Invocations
 18188 | Lair:1   | Reached skill level 10 in Armour
 18564 | Lair:1   | Identified the +6 dagger of the Middle {flame, +Blink rPois
                  | Int-5}
 18635 | Lair:1   | Reached skill level 13 in Fighting
 19238 | Lair:2   | Reached skill level 10 in Shields
 19979 | Lair:2   | Found a hole to the Spider Nest.
 21732 | Lair:3   | Found a staircase to the Shoals.
 21894 | Lair:3   | Reached skill level 1 in Throwing
 22459 | Lair:4   | Reached ****** piety under Qazlal
 22602 | Lair:4   | Identified the +1 long sword of the Modern People {freeze,
                  | Str+3 Dex+4}
 23072 | Lair:4   | Identified the +2 robe of Noon {Fly}
 23274 | Lair:5   | Entered Level 5 of the Lair of Beasts
 23277 | Lair:5   | Reached skill level 14 in Fighting
 23316 | Lair:5   | Gained mutation: Your large and strong wings let you fly.
                  | [Gargoyle growth]
 23316 | Lair:5   | Reached XP level 14. HP: 96/96 MP: 18/18
 23393 | Lair:5   | Reached skill level 10 in Maces & Flails
 23585 | Lair:5   | Identified the +5 leather armour of Agemagedd {rF+ SInv
                  | Stlth+}
 23709 | Lair:5   | Found a viscous altar of Jiyva.
 23710 | Lair:5   | Found a staircase to the Slime Pits.
 24277 | Lair:5   | Found the +3 pair of mountain boots {steadfast, rC+}
 24511 | Lair:5   | Identified the +1 fire dragon scales "Ucvaqa" {rF++ rC-
                  | Dex+6}
 25105 | D:12     | Reached skill level 15 in Fighting
 27961 | D:14     | Reached XP level 15. HP: 103/103 MP: 21/21
 28065 | D:14     | Found Caimuiw's Weapon Shop.
 28153 | D:14     | Reached skill level 5 in Throwing
 28404 | D:14     | Found a gate to the Vaults.
 28445 | D:14     | Reached skill level 16 in Fighting
 29018 | D:15     | Entered Level 15 of the Dungeon
 29226 | D:14     | Reached XP level 16. HP: 102/111 MP: 21/23
 30274 | D:15     | Found a staircase to the Depths.
 30928 | Spider:1 | Entered Level 1 of the Spider Nest
 30928 | Spider:1 | Found a transporter.
 30961 | Spider:1 | Noticed puppykicker's ghost (journeyman SpGl)
 31563 | Spider:1 | Found a transporter.
 31767 | Spider:1 | Reached skill level 17 in Fighting
 32191 | Spider:2 | Noticed Arachne
 32230 | Spider:1 | Killed Arachne
 32278 | Spider:2 | Reached skill level 10 in Invocations
 32296 | Spider:2 | Noticed Aizul
 32307 | Spider:2 | Killed Aizul
 32652 | Spider:2 | Noticed Kirke
 32666 | Spider:2 | Noticed a sphinx
 32668 | Spider:2 | Killed Kirke
 33734 | Spider:2 | Gained mutation: You occasionally lose the ability to drink
                  | potions when taking damage. [mutagenic glow]
 34785 | Spider:3 | Reached XP level 17. HP: 119/119 MP: 15/24
 35272 | Spider:2 | Reached skill level 18 in Fighting
 35843 | Spider:4 | Entered Level 4 of the Spider Nest
 35945 | Spider:4 | Noticed Asterion
 36364 | Spider:4 | Noticed an Executioner
 36505 | Spider:2 | Killed Asterion
 38562 | Spider:4 | Got a gossamer rune of Zot
 38823 | Shoals:1 | Entered Level 1 of the Shoals
 39955 | Shoals:1 | Identified the +1 pair of gloves of the Undertaker {rF+
                  | Dex+3}
 40354 | Shoals:2 | Reached XP level 18. HP: 101/127 MP: 9/26
 40675 | Shoals:2 | Reached skill level 19 in Fighting
 43382 | Shoals:3 | Noticed gelatine's ghost (adept MiFi)
 43394 | Shoals:3 | Found a transporter.
 43813 | Shoals:3 | Found a transporter.
 44557 | Shoals:4 | Entered Level 4 of the Shoals
 47400 | Shoals:4 | Found a stormy altar of Qazlal.
 48216 | Shoals:4 | Reached XP level 19. HP: 131/134 MP: 28/28
 48710 | Shoals:4 | Paralysed by an air elemental for 1 turns
 49531 | Shoals:4 | Paralysed by an air elemental for 1 turns
 49535 | Shoals:4 | Reached skill level 20 in Fighting
 49537 | Shoals:4 | Paralysed by an air elemental for 1 turns
 50066 | Shoals:4 | Got a barnacled rune of Zot
 50477 | Elf:1    | Entered Level 1 of the Elven Halls
 50762 | Elf:1    | Reached skill level 10 in Throwing
 51612 | Elf:1    | Found Isiwn's Armour Shop.
 51612 | Elf:1    | Found Zafumoz's Assorted Antiques.
 51816 | Elf:1    | Reached skill level 21 in Fighting
 52225 | Elf:1    | Found Jojoludo's Magic Scroll Boutique.
 52229 | Elf:1    | Bought a scroll of acquirement for 988 gold pieces
 52229 | Elf:1    | Acquired 708 gold pieces
 52231 | Elf:1    | Bought a scroll of acquirement for 988 gold pieces
 52231 | Elf:1    | Acquired the ring "Muno" {Fire Will+ rCorr}
 52233 | Elf:1    | Found Faischur's Weapon Shop.
 52828 | Elf:1    | Got the Anthology of the Gang
 52886 | Elf:1    | Found Cetih's Armour Shop.
 52984 | Elf:1    | Identified the +1 scale mail of Gicwoiko {rF- Regen+ rCorr
                  | Int+3 Dex+3}
 54310 | Elf:2    | Got the Directory of the Black Widow and Orientation
 54320 | Elf:3    | Entered Level 3 of the Elven Halls
 54414 | Elf:3    | Found a gateway to a bazaar.
 54428 | Bazaar   | Entered a bazaar
 54433 | Bazaar   | Found Juiseif's Assorted Antiques.
 54446 | Bazaar   | Found Yhyesh's Weapon Shop.
 54452 | Bazaar   | Found Ruco's Armour Shoppe.
 54488 | Bazaar   | Found Emuihuyl's Weapon Emporium.
 54513 | Bazaar   | Bought a warped pewter ring for 80 gold pieces
 54513 | Bazaar   | Identified the ring "Laxeajim" {rF+ Str+4} (You bought it
                  | in a shop in a bazaar)
 54519 | Bazaar   | Bought a scroll of enchant armour for 120 gold pieces
 54519 | Bazaar   | Bought a potion of might for 64 gold pieces
 54584 | Elf:3    | Reached skill level 22 in Fighting
 54782 | Vaults:1 | Entered Level 1 of the Vaults
 54831 | Vaults:1 | Reached XP level 20. HP: 131/147 MP: 8/30
 54870 | Vaults:1 | Reached skill level 23 in Fighting
 56137 | Vaults:1 | Found Butt's Armour Shop.
 58439 | Vaults:1 | Reached skill level 24 in Fighting
 59758 | Vaults:2 | Reached skill level 15 in Invocations
 60438 | Vaults:2 | Reached skill level 15 in Armour
 60578 | Vaults:2 | Reached XP level 21. HP: 156/156 MP: 32/32
 61651 | Vaults:3 | Reached skill level 15 in Shields
 62492 | Vaults:3 | Noticed Nikola
 62499 | Vaults:3 | Found Yryemubi's Armour Emporium.
 62777 | Vaults:3 | Killed Nikola
 63147 | Vaults:3 | Found a staircase to the Crypt.
 64612 | Shoals:3 | Identified the ring of Ocamea {rF+ rCorr}
 64641 | Shoals:3 | Killed gelatine's ghost
 65501 | Vaults:4 | Noticed Bai Suzhen
 65536 | Vaults:3 | Killed Bai Suzhen
 65878 | Vaults:4 | Acquired 836 gold pieces
 66044 | Vaults:4 | Noticed Frederick
 66054 | Vaults:4 | Killed Frederick
 66922 | Depths:1 | Entered Level 1 of the Depths
 66970 | Depths:1 | Reached XP level 22. HP: 149/163 MP: 32/34
 67745 | Vaults:5 | Entered Level 5 of the Vaults
 67776 | Vaults:5 | Noticed an ancient lich
 68209 | Depths:1 | Found a one-way gate leading to the halls of Pandemonium.
 68292 | Depths:1 | Found an iron altar of Okawaru.
 68466 | Depths:1 | Found a gateway to Hell.
 69323 | Depths:2 | Noticed a golden dragon
 69343 | Depths:2 | Killed a golden dragon
 70088 | Depths:2 | Noticed a juggernaut
 70106 | Depths:2 | Killed a juggernaut
 70216 | Depths:2 | Noticed a golden dragon
 70217 | Depths:2 | Noticed a caustic shrike
 70236 | Depths:2 | Killed a golden dragon
 70249 | Depths:2 | Killed a caustic shrike
 70275 | Depths:2 | Reached XP level 23. HP: 131/168 MP: 35/35
 70525 | Depths:2 | Found a runed translucent door.
 70526 | Depths:2 | Noticed Olanal's ghost (veteran AtFi)
 70592 | Depths:2 | Found the +0 mask of the Dragon {Will+ Slay+3 SInv}
 71075 | Depths:2 | Killed Olanal's ghost
 71206 | Depths:2 | Found a runed translucent door.
 71207 | Depths:2 | Noticed Olanal's ghost (veteran AtFi)
 71325 | Depths:2 | Killed Olanal's ghost
 71422 | Depths:2 | Found a runed translucent door.
 71423 | Depths:2 | Noticed Polaczum's ghost (adept TrMo)
 71602 | Depths:3 | Found a one-way gateway to a ziggurat.
 71603 | Depths:3 | Noticed a caustic shrike
 71603 | Depths:3 | Noticed a caustic shrike
 71604 | Depths:3 | Noticed a caustic shrike
 71619 | Depths:2 | Killed a caustic shrike
 71620 | Depths:2 | Reached skill level 15 in Maces & Flails
 71742 | Depths:2 | Killed a caustic shrike
 71749 | Depths:2 | Killed a caustic shrike
 73100 | Depths:3 | Found a sacrificial altar of Ru.
 73126 | Depths:3 | Found a one-way gate to the infinite horrors of the Abyss.
 73222 | Depths:3 | Found a portal to a secret trove of treasure.
 73656 | Depths:4 | Entered Level 4 of the Depths
 73987 | Depths:4 | Noticed the Enchantress
 74007 | Depths:3 | Killed the Enchantress
 74287 | Depths:4 | Noticed Vv
 74332 | Depths:4 | Killed Vv
 74575 | Depths:4 | Noticed a golden dragon
 74580 | Depths:4 | Noticed Xtahua
 74909 | Depths:4 | Killed a golden dragon
 75515 | Depths:4 | Found a runed translucent door.
 75515 | Depths:4 | Found a runed translucent door.
 75586 | Depths:4 | Reached XP level 24. HP: 127/175 MP: 36/36
 75822 | Depths:4 | Found a runed translucent door.
 75838 | Depths:4 | Killed Xtahua
 75932 | Depths:4 | Found a runed translucent door.
 75955 | Depths:4 | Found a runed translucent door.
 75955 | Depths:4 | Found a runed translucent door.
 76531 | Depths:4 | Found a gate to the Realm of Zot.
 76840 | Orc:2    | Bought a scroll of enchant armour for 120 gold pieces
 76840 | Orc:2    | Bought a scroll of blinking for 120 gold pieces
 76840 | Orc:2    | Bought a scroll of fog for 64 gold pieces
 77086 | Vaults:5 | Noticed an ancient lich
 77102 | Vaults:4 | Killed an ancient lich
 77827 | Elf:2    | Found Piceim's Weapon Boutique.
 78049 | Elf:2    | Found a runed translucent gate.
 78050 | Elf:2    | Found a runed translucent gate.
 78050 | Elf:2    | Found a runed translucent gate.
 81207 | Elf:3    | Identified the +0 plate armour of Quiet Fog {Str+2}
 81229 | Elf:3    | Identified the staff of Subjectivity {rPois rF+ MP+9 Str-4
                  | Dex-3 Fire}
 81529 | Elf:3    | Identified the +10 falchion of Breach {pain, *Slow Fly
                  | rN+++ Str-4}
 81564 | Elf:3    | Identified the +11 orcbow "Nehie" {freeze, Will+ Str+2}
 81567 | Elf:3    | Identified the +0 helmet of Ownot {+Inv Will+ MP+9}
 81568 | Elf:3    | Identified the +3 ring mail of the Constellations {rC-
                  | rCorr Int-2 Dex+6 SInv}
 81694 | Elf:3    | Learned a level 5 spell: Fireball
 81704 | Elf:3    | Learned a level 9 spell: Fire Storm
 81992 | Crypt:1  | Entered Level 1 of the Crypt
 82467 | Crypt:1  | Reached skill level 1 in Conjurations
 82495 | Crypt:1  | Reached skill level 1 in Fire Magic
 82506 | Crypt:1  | Reached skill level 1 in Spellcasting
 82526 | Vaults:3 | Reached skill level 25 in Fighting
 82932 | Crypt:1  | Reached XP level 25. HP: 161/182 MP: 36/36
 84174 | Vaults:5 | Noticed Mennas
 84244 | Vaults:4 | Killed Mennas
 84464 | Vaults:4 | Killed an ancient lich
 84465 | Vaults:4 | Reached skill level 15 in Throwing
 85198 | Vaults:4 | Reached skill level 26 in Fighting
 85546 | Vaults:5 | Noticed an ancient lich
 85558 | Vaults:5 | Killed an ancient lich
 85678 | Vaults:5 | Identified the +0 robe of Purpose {rF+ Str+3}
 85852 | Vaults:5 | Identified the +10 scimitar "Viqaetyh" {heavy, +Blink rC+
                  | Str+2 Int+3}
 86027 | Vaults:5 | Got a silver rune of Zot
 86039 | Vaults:5 | Identified the +1 chain mail of Ruxonun {Str+3 SInv}
 86136 | Vaults:5 | Identified the staff "Nasyel Osung" {rElec Earth}
 86155 | Vaults:5 | Found the +9 scales of the Dragon King {rPois rF+ rC+
                  | Will+}
 86193 | Vaults:5 | Identified the +5 ring mail of Laghos {Str+3 Dex+8 Stlth-}
 86494 | Vaults:5 | Identified the ring of Ison {rF+ EV+5 Int+6}
 86500 | Vaults:5 | Identified the +12 hand axe "Plojy" {vamp, rPois Will-
                  | rCorr SInv}
 86921 | Slime:1  | Entered Level 1 of the Pits of Slime
 89376 | Slime:3  | Reached skill level 5 in Conjurations
 90848 | Slime:4  | Reached skill level 5 in Fire Magic
 91623 | Slime:5  | Entered Level 5 of the Pits of Slime
 91633 | Slime:5  | Reached XP level 26. HP: 192/192 MP: 36/36
 91808 | Slime:4  | Reached skill level 5 in Spellcasting
 91986 | Slime:5  | Noticed the Royal Jelly
 92003 | Slime:5  | Killed the Royal Jelly
 92004 | Slime:5  | Reached skill level 27 in Fighting
 92296 | Slime:5  | Gained mutation: You sometimes lose your temper in combat.
                  | [a shining eye]
 92297 | Slime:5  | Gained mutation: You are dopey. (Int -2) [a shining eye]
 92446 | Slime:4  | Lost mutation: You are dopey. (Int -2) [potion of mutation]
 92446 | Slime:4  | Lost mutation: You sometimes lose your temper in combat.
                  | [potion of mutation]
 92446 | Slime:4  | Gained mutation: You have hidden genetic potential. [potion
                  | of mutation]
 92446 | Slime:4  | Gained mutation: You have a pair of small antennae on your
                  | head. [potion of mutation]
 93043 | Slime:5  | Identified the +1 leather armour of Kodeigh {Str+4}
 93044 | Slime:5  | Identified the +2 long sword of Plunder {holy, Str+8}
 93045 | Slime:5  | Identified the +1 rapier of Nemelex Xobeh's Favour {heavy,
                  | Dex+3}
 93172 | Slime:5  | Identified the +1 war axe "Lacertilian's Bane" {freeze,
                  | Str+5}
 93189 | Slime:5  | Identified the staff "Suniazo" {rPois rN+ Str+2 Necro}
 93194 | Slime:5  | Identified the +1 leather armour of the Lute {Will+ Str+5}
 93330 | Slime:5  | Got a slimy rune of Zot
 93394 | Slime:5  | Identified the +1 plate armour "Tavib" {rElec rF- Str+10
                  | Int+3}
 93985 | Depths:3 | You showed the slimy rune of Zot to enter a treasure trove
 93986 | Trove    | Entered a treasure trove
 93988 | Trove    | Found the necklace of Bloodlust {Fury *Rage Will++ Int-3
                  | Slay+6}
 93996 | Trove    | Identified the ring of Johoanakh {rF+ rCorr Int+2}
 94000 | Trove    | Identified the amulet of Runypt {Faith +Blink Regen+ rCorr
                  | Dex-5}
 94004 | Trove    | Identified the ring "Ret Osun" {rC+ Dex+2}
 94008 | Trove    | Identified the amulet of Tunliuni {Faith Regen+}
 94012 | Trove    | Identified the amulet "Juajimal" {Faith rN+}
 95657 | Crypt:1  | Found an ancient bone altar of Kikubaaqudgha.
 95721 | Crypt:3  | Entered Level 3 of the Crypt
 96669 | Crypt:3  | Identified the +11 short sword "Q" {protect, rC+ Int+3}
 96815 | Crypt:3  | Identified the +2 falchion "Zinkyta" {freeze, rF+ Str+3
                  | Int-2 Dex+4}
 97254 | Crypt:3  | Noticed an ancient lich
 97269 | Crypt:3  | Killed an ancient lich
 97395 | Crypt:3  | Got the Precepts of Apparitions
 97497 | Crypt:3  | Found a staircase to the Tomb.
 97513 | Crypt:3  | Identified the +7 spear "Hydrabane" {elec, rPois}
 97867 | Tomb:1   | Entered Level 1 of the Tomb of the Ancients
 98244 | Tomb:1   | Noticed a royal mummy
 98244 | Tomb:1   | Noticed Khufu
 98439 | Tomb:1   | Killed a royal mummy
 98454 | Tomb:1   | Killed Khufu
 98791 | Tomb:1   | Acquired the amulet "Dahigar" {Faith Fragile rF+ rC+ rN+++}
 99228 | Hell     | Entered the Vestibule of Hell
 99228 | Hell     | Noticed Geryon
 99228 | Hell     | Found a gateway to the freezing wastes of Cocytus.
 99260 | Hell     | Reached XP level 27. HP: 176/199 MP: 17/36
 99300 | Coc:1    | Entered Level 1 of Cocytus
 99365 | Hell     | Killed Geryon
 99720 | Hell     | Gained mutation: A frigid envelope surrounds you and
                  | freezes all who hurt you. [hidden potential]
 99844 | Hell     | Found a gateway to the decaying netherworld of Tartarus.
 99896 | Hell     | Found a gateway to the ashen valley of Gehenna.
100038 | Hell     | Found a gateway to the Iron City of Dis.
100087 | Geh:1    | Entered Level 1 of Gehenna
100472 | Geh:2    | Reached skill level 10 in Conjurations
101465 | Tomb:1   | Noticed a royal mummy
101486 | Tomb:1   | Killed a royal mummy
101522 | Tomb:1   | Noticed a royal mummy
101621 | Tomb:1   | Killed a royal mummy
102553 | Zot:1    | Entered Level 1 of the Realm of Zot
102658 | Zot:1    | Found the +4 dragonskin cloak
102658 | Zot:1    | Noticed Tiamat
102859 | Zot:1    | Reached skill level 10 in Fire Magic
102944 | Zot:1    | HP: 9/199 [golden dragon (21)]
102945 | Zot:1    | Mangled by a tentacled monstrosity

Illustrated notes

Levels and vault maps discovered:
D:1:      elethiomel_arrival_shortcut, layout_basic, serial_shops, shop_coins
D:2:      layout_basic, basic_altar, minmay_pentomino_u4
D:3:      layout_loops_ring, gup_sewer_entry_pipe, nrook_mini_backslash
D:4:      layout_rooms, gammafunk_temple_of_torment
D:5:      layout_cave_pods, temple_doors_e
D:6:      layout_basic, nicolae_wu_jian_wuxing_cycle, nicolae_overflow_squiral,
          serial_shops, shop, uniq_maggie, uniq_prince_ribbit1
D:7:      layout_loops_ring, nemelex_diamond_rough_becter, serial_demonic,
          serial_demonic_g, serial_demonic_d, serial_demonic_b,
          serial_demonic_b, serial_demonic_c, uniq_menkaure
D:8:      layout_loops_ring, elyvilon_altar_4, david_lair_shrubbed,
          serial_shops, shop, grunt_ministairs_8, nicolae_diode_basic,
          uniq_joseph, uniq_pikel
D:9:      layout_rooms, mainiacjoe_overflow_24_doors
D:10:     layout_roguey, minmay_misc_feat_nine_boxes, minivault_15
D:11:     layout_irregular_city, david_orc_3, serial_shops, shop, uniq_amaemon
D:12:     layout_small_grid
D:13:     layout_stronghold
D:14:     layout_stronghold, grunt_vaults_entry_fortified,
          nicolae_take_the_stairs
D:15:     hangedman_depths_entry_civil_slaughter, layout_rooms, serial_aquarium,
          aquarium_bridge_island_small [aquarium_subvault_small_water,
          aquarium_subvault_bridge, aquarium_subvault_wall,
          aquarium_subvault_bridge, aquarium_subvault_window],
          aquarium_bridge_straight [aquarium_subvault_bridge,
          aquarium_subvault_balcony, aquarium_subvault_bridge,
          aquarium_subvault_wall], aquarium_window_fake, aquarium_window_fake,
          aquarium_window_fake, aquarium_view_2c, aquarium_view_2g,
          minmay_misc_feat_encased, minmay_fractal_squares_diagonal_5
Temple:   nicolae_temple_superstar
Lair:1:   layout_small_grid, grunt_megastairs_5, lemuel_fruit_tree, uniq_urug
Lair:2:   layout_loops_ring, spider_nest_entry_funnel_web, worms_lemuel
Lair:3:   layout_cave_pods, minmay_shoals_entry_hut, nicolae_lair_liquid_snakes
Lair:4:   layout_regular_city, minmay_lair_oklob_bushes, pond,
          infiniplex_staircase_pool
Lair:5:   evilmike_catoblepas_cave, layout_misc_corridors, slime_entry_1,
          serial_bayou, serial_bayou_lagoon_b, serial_bayou_lake_a,
          serial_bayou_pond_b, serial_bayou_crossing
Shoals:1: layout_shoals
Shoals:2: layout_shoals, nicolae_shoals_aquamancer_cove
Shoals:3: layout_shoals, gammafunk_ghost_berserking_beasts, st_sunken_huts
Shoals:4: shoals_end_hellmonk_storm_palace [storm_palace_center_circular,
          storm_palace_corner_narrow, storm_palace_corner_blocked,
          storm_palace_corner_reverse_hut, storm_palace_corner_altar]
Spider:1: layout_spider_delve, gammafunk_ghost_arena, drop_trap
Spider:2: layout_chambers, uniq_aizul, uniq_kirke, uniq_arachne
Spider:3: layout_spider_delve
Spider:4: spider_rune_water, uniq_asterion
Slime:1:  layout_caves
Slime:2:  layout_caves, nicolae_slime_welcoming_committee
Slime:3:  cheibrodos_slime_lost_civilization_9, layout_caves
Slime:4:  layout_caves
Slime:5:  slime_pit_nicolae_inversion
Orc:1:    layout_diamond_mine, enter_volcano_2, serial_shops, shop,
          uniq_josephine
Orc:2:    st_orc_town, layout_caves, serial_shops, nicolae_shop_real_fake_doors,
          basic_altar
Elf:1:    minmay_elf_arrival_summoners, layout_geoelf_diagonals, serial_shops,
          nicolae_shop_waterfront, minmay_elf_demonology, minmay_the_grid_2x2
          [minmay_the_grid_doors, minmay_the_grid_outer_circle,
          minmay_the_grid_odd_star, minmay_the_grid_prize_inner_circle],
          minmay_shoptagon
Elf:2:    nicolae_elf_blades_crystal_corner, layout_gridlike, serial_shops,
          nicolae_shop_pleasant_corner_grove
Elf:3:    grunt_elf_hall_branching, layout_geoelf_octagon, serial_shops,
          bzr_entry_islet, chequers_hall_statues_wall_a
Vaults:1: nicolae_vaults_oval_intersection, nicolae_vaults_trapezoid_lopsided_2,
          v_misc_4, nicolae_vaults_network_quinsquares
          [nicolae_vaults_network_quincunx_subvault,
          nicolae_vaults_network_quincunx_subvault,
          nicolae_vaults_network_quincunx_subvault,
          nicolae_vaults_network_quincunx_subvault],
          nicolae_vaults_frosty_reception, st_spiral_rooms,
          nicolae_vaults_taking_the_gang_shopping, nicolae_vaults_tetromino_L_1,
          layout_vaults_quadrants
Vaults:2: st_more_cells, nicolae_vaults_octothorpe, v_rooms_4,
          vaults_standard_mumra_x, ontoclasm_vaults_loading_screen, v_misc_31,
          nicolae_vaults_wrenched, nicolae_vaults_rhombus_6,
          grunt_vaults_funnel, nicolae_vaults_network_s, vaults_dpeg_diagonal,
          layout_vaults_omnibox
Vaults:3: st_cross, v_misc_30, nicolae_vaults_prndl,
          minmay_crypt_entry_simple_box, nicolae_vaults_tetromino_L_2,
          ontoclasm_vaults_ring_square, v_misc_14, v_misc_9, v_misc_30,
          v_misc_10, nicolae_vaults_yaktaur_gun_rack,
          nicolae_vaults_closet_pinwheel_1, nicolae_vaults_tangram_2,
          layout_vaults_big_room, serial_shops, shop, uniq_nikola
Vaults:4: vaults_room_grunt_arrival_ludios, hangedman_vaults_trim,
          nicolae_vaults_little_squares_6, nicolae_vaults_asterisk,
          vaults_standard_mumra_enter_the_diamond, nicolae_vaults_angled_halls,
          nicolae_vaults_shipping_containers_1, nicolae_vaults_double_plus_3,
          nicolae_vaults_bisected_slash, nicolae_vaults_closet_pinwheel_5,
          v_misc_30, nicolae_vaults_closet_pinwheel_6, layout_vaults_maze_bifur,
          uniq_bai_suzhen, uniq_frederick, uniq_margery
Vaults:5: uniq_mennas
Crypt:1:  layout_misc_corridors, infiniplex_enter_wizlab_spiral,
          lemuel_upstairs_altar, grunt_crypt_arrival_guarded_gate
Crypt:2:  layout_basic
Crypt:3:  quadcrypt_mu
Tomb:1:   uniq_khufu
Depths:1: layout_cave_shapes, hellmouth_1, rand_demon_pan_entry_7,
          minmay_misc_feat_square, serial_sigils_hangedman_shear,
          grunt_decor_fettered, okawaru_gym_becter
Depths:2: minmay_swirls_squares, layout_cave_shapes, hell_entry,
          reono_crystal_passage, rand_demon_pan_entry_8,
          muffindrake_ghost_three_little_ghosts, corexii_corridor_pit,
          nicolae_concentric_dashed_squares_mild
Depths:3: minmay_ornate_pinched, layout_honeycomb, enter_ziggurat_a,
          serial_co_window_serial, co_window_corner_a,
          co_window_of_opportunity_a, co_window_corner_a,
          co_window_of_opportunity_a, co_window_paths_b,
          co_window_unsneaky_path_b, co_window_corner_cb,
          co_window_unsneaky_path_c, co_window_paths_d, glass_columns_c,
          glass_columns_c, abyss_entry, hell_entry, enter_trove_2, pan_entry,
          nicolae_ru_the_path_less_chosen, serial_bayou_shore_b
Depths:4: evilmike_zot_entry_castle, layout_gridlike, grunt_mini_vestibule,
          nicolae_twisty_statue_hallways, item_on_display_a, uniq_vv,
          uniq_xtahua, uniq_josephina, uniq_enchantress
Hell
Geh:1:    layout_gehenna_lava_caves
Geh:2:    layout_gehenna_lava_caves
Geh:3:    layout_gehenna_pools_box
Coc:1:    nicolae_hells_titanomachy
Zot:1:    layout_onion_interference, zot_minivault_2, uniq_tiamat
Zot:2:    layout_gridlike

Skill      XL: |  1  2  3  4  5  6  7  8  9 10 11 12 13 14 15 16 17 18 19 20 21 22 23 24 25 26 27 |
---------------+----------------------------------------------------------------------------------+-----
Fighting       | 4 5 7 9 10 12 14 15 16 17 18 19 22 24 25 26 27 | 27.0
Armour         | 4 5 6 7 8 9 10 11 12 13 14 15 16 17 18 19 | 19.2
Shields        | 4 5 6 7 8 9 10 11 12 13 14 15 17 18 19 | 19.1
Maces & Flails | 3 4 5 6 7 8 9 10 11 12 13 14 15 17 19 21 | 21.9
Dodging        | 2 4 7 12 | 12.0
Invocations    | 1 4 6 8 9 10 11 12 13 15 16 17 18 19 | 19.2
Throwing       | 2 4 6 7 8 9 10 12 13 14 15 16 17 | 17.1
Conjurations   | 2 5 8 11 | 11.0
Fire Magic     | 2 5 7 10 | 10.1
Spellcasting   | 1 4 7 9 |  9.4

Action                     |  1- 3 |  4- 6 |  7- 9 | 10-12 | 13-15 | 16-18 | 19-21 | 22-24 | 25-27 || total
---------------------------+-------+-------+-------+-------+-------+-------+-------+-------+-------++-------
  Melee: Flail             |   109 |   288 |    86 |       |       |       |       |       |       ||   483
         Shillelagh        |       |       |   106 |   387 |   769 |   897 |   785 |   537 |    41 ||  3522
         Morningstar       |       |       |       |       |       |   329 |   966 |  1530 |  2453 ||  5278
  Throw: Boomerang         |       |       |     3 |    15 |    36 |   331 |    76 |   189 |       ||   650
         Javelin           |       |       |       |       |       |    22 |    18 |     8 |   111 ||   159
 Invoke: Elemental Force   |       |       |       |       |     1 |       |       |     1 |       ||     2
         Disaster Area     |       |       |       |       |       |    12 |     5 |    10 |    17 ||    44
  Evoke: Wand              |       |       |       |       |       |       |       |     1 |       ||     1
    Use: Scroll            |       |     6 |     4 |    14 |       |     5 |     5 |     4 |     7 ||    45
         Potion            |       |     1 |       |       |     2 |     5 |       |     2 |     6 ||    16
   Stab: Petrified         |       |       |       |       |     5 |       |       |       |       ||     5
 Armour: Scale mail        |   133 |   160 |    64 |     2 |       |       |       |       |       ||   359
         Ring mail         |       |       |       |    51 |     3 |       |       |       |       ||    54
         Chain mail        |       |       |       |       |    98 |       |       |       |       ||    98
         Fire dragon scale |       |       |       |       |    61 |   477 |   346 |   139 |       ||  1023
         Gold dragon scale |       |       |       |       |       |       |       |   281 |  1099 ||  1380
  Dodge: Dodged            |    93 |    26 |     5 |    23 |    69 |   273 |   216 |   244 |   748 ||  1697
         Repelled          |       |       |       |     1 |     4 |    10 |    10 |    18 |    34 ||    77
  Block: Buckler           |    45 |       |       |       |       |       |       |       |       ||    45
         Kite shield       |    45 |   446 |   217 |   492 |   993 |  2280 |  2274 |  2563 |  4189 || 13499
         Reflection        |       |       |       |    11 |    39 |    88 |    73 |    49 |    34 ||   294

Table legend: (Time is in decaauts)
 A = Elapsed time spent in this place.
 B = Non-inter-level travel time spent in this place.
 C = Inter-level travel time spent in this place.
 D = Time resting spent in this place.
 E = Time spent auto-exploring this place.
 F = Levels seen in this place.
 G = Mean time per level.
                   A        B        C        D        E       F      G
               +--------+--------+--------+--------+--------+-----+--------+
         Total | 101498 |  88266 |  13232 |  41717 |  30205 |  62 | 1637.1 |
       Dungeon |  22362 |  17482 |   4880 |   6205 |   8397 |  15 | 1490.8 |
        Temple |    134 |    121 |     13 |      0 |    100 |   1 |  134.0 |
          Lair |   9206 |   7025 |   2181 |   2696 |   3292 |   5 | 1841.2 |
        Shoals |  10738 |  10127 |    611 |   6455 |   2101 |   4 | 2684.5 |
   Spider Nest |   7373 |   7029 |    344 |   3689 |   2115 |   4 | 1843.2 |
    Slime Pits |   6594 |   6335 |    259 |   3437 |   2010 |   5 | 1318.8 |
  Orcish Mines |   3227 |   2770 |    457 |   1437 |    933 |   2 | 1613.5 |
   Elven Halls |   7057 |   6653 |    404 |   3613 |   1918 |   3 | 2352.3 |
        Vaults |  15174 |  12975 |   2199 |   6824 |   3862 |   5 | 3034.8 |
         Crypt |   5301 |   4239 |   1062 |    978 |   1987 |   3 | 1767.0 |
          Tomb |   1402 |   1288 |    114 |    486 |    341 |   1 | 1402.0 |
        Depths |   9323 |   8685 |    638 |   4059 |   2719 |   4 | 2330.8 |
          Hell |   1054 |   1018 |     36 |    366 |    277 |   1 | 1054.0 |
       Gehenna |    456 |    427 |     29 |     68 |      0 |   3 |  152.0 |
       Cocytus |      8 |      8 |      0 |      0 |      0 |   1 |    8.0 |
           Zot |    162 |    162 |      0 |      0 |      0 |   2 |   81.0 |
        Bazaar |    120 |    120 |      0 |      0 |     61 |   1 |  120.0 |
         Trove |     63 |     63 |      0 |      0 |     13 |   1 |   63.0 |
         Sewer |   1733 |   1733 |      0 |   1400 |     78 |   1 | 1733.0 |
               +--------+--------+--------+--------+--------+-----+--------+

Top non-repeatable levels by time:
Shoals:4: 5483 daAuts
Vaults:3: 3594 daAuts
Vaults:1: 3574 daAuts
  Lair:3: 3455 daAuts
Vaults:4: 3278 daAuts
Vaults:2: 3171 daAuts
Spider:2: 3141 daAuts
   Elf:2: 3012 daAuts
   Elf:1: 2924 daAuts
Depths:2: 2807 daAuts
 Crypt:3: 2763 daAuts
Depths:4: 2635 daAuts
     D:5: 2274 daAuts
    D:14: 2257 daAuts
Depths:3: 1995 daAuts
